 Dungeon Crawl Stone Soup version 0.30-a0-782-ge64f9170bb (webtiles) character file.

Game seed: 7967801545726080545

23 Leeroy the Slasher (level 3, -1/27 HPs)
             Began as a Merfolk Gladiator on Feb 25, 2023.
             Slain by a hobgoblin (6 damage)
             ... on level 2 of the Dungeon.
             The game lasted 00:01:40 (774 turns).

Leeroy the Slasher (Merfolk Gladiator)               Turns: 774, Time: 00:01:41

Health: -1/27      AC:  2    Str: 14    XL:     3   Next: 0%
Magic:  3/3        EV: 13    Int:  7    God:
Gold:   71         SH:  0    Dex: 17    Spells: 2/2 levels left

rFire   . . .      SeeInvis .    a - +0 long sword
rCold   . . .      Faith    .    (no shield)
rNeg    . . .      Spirit   .    b - +0 leather armour
rPois   .          Reflect  .    c - +0 helmet
rElec   .          Harm     +    f - scarf {harm}
rCorr   .          Rampage  .    (no gloves)
Will    .....                    (no boots)
Stlth   +                        (no amulet)
HPRegen 0.24/turn                (no ring)
MPRegen 0.08/turn                (no ring)

@: no status effects
A: (nimble swimmer 2), mertail, deformed body
a: no special abilities


You were on level 2 of the Dungeon.
You visited 1 branch of the dungeon, and saw 2 of its levels.

You collected 71 gold pieces.

Inventory:

Hand Weapons
 a - a +0 long sword (weapon)
Missiles
 d - 3 throwing nets (quivered)
 e - 7 javelins
 g - 6 poisoned darts
Armour
 b - a +0 leather armour (worn)
 c - a +0 helmet (worn)
 f - a scarf of harm (worn)
Scrolls
 i - a scroll of magic mapping {unknown}
 j - 2 scrolls of poison {unknown}
 k - a scroll of enchant armour {unknown}
Potions
 l - a potion of curing {unknown}


   Skills:
 - Level 2.1 Fighting
 + Level 4.9 Long Blades
 - Level 2.0 Throwing
 - Level 4.0 Dodging


You had 2 spell levels left.
You didn't know any spells.
Your spell library was empty.

Dungeon Overview and Level Annotations

Branches:
Dungeon (2/15)

Altars:

Annotations:
D:2 Sigmund


Innate Abilities, Weirdness & Mutations

((You are very nimble when in or above water. (Stealth+, EV+, Speed+++)))
Your lower body shifts to a powerful aquatic tail in water.
Armour fits poorly on your strangely shaped body.


Message History

Ouch! That really hurt!
* * * LOW HITPOINT WARNING * * *
You are too injured to fight recklessly!
You are too injured to fight recklessly!
You are too injured to fight recklessly!
You are too injured to fight recklessly!
You are too injured to fight recklessly!
You closely miss Sigmund.
Sigmund is heavily wounded.
The bat barely misses you. Sigmund barely misses you.
The bat barely misses you.
You barely miss Sigmund.
Sigmund is heavily wounded.
The bat hits you but does no damage. Sigmund closely misses you.
It was a potion of mutation.
You feel extremely strange.
Your body twists and deforms.
The bat hits you but does no damage. The hobgoblin hits you.
* * * LOW HITPOINT WARNING * * *
Sigmund attacks as you move away! Sigmund barely misses you.
The bat closely misses you. The bat barely misses you.
The hobgoblin closely misses you. Sigmund misses you. The bat misses you.
The bat barely misses you. The bat attacks as you move away!
The bat closely misses you. The bat hits you but does no damage.
The bat misses you. The bat attacks as you move away!
The bat closely misses you.
Sigmund mumbles some strange words.
Sigmund flickers and vanishes!
Deactivating autopickup; reactivate with Ctrl-A.
The bat hits you but does no damage. The bat attacks as you move away!
The bat closely misses you. The bat hits you but does no damage.
You slash the bat!
You kill the bat!
You have reached level 3!
Your experience leads to an increase in your attributes!
Increase (S)trength, (I)ntelligence, or (D)exterity?
You feel agile. x2
You hit the hobgoblin but do no damage. The hobgoblin hits you.
You die...

.... ###.###
#.....# #.#.#.#
#.#....# #.###..#
#......# #g####.#
##@# .# #..# #
##.## #..###### ##
##.###...#
#####.## #..#
#.<.# #)......
#.####...###.⌠....
#.#..............#
#.#.8........####


You could see a hobgoblin.

Vanquished Creatures
  A dart slug (D:1)
  A ball python (D:1)
  2 bats
  3 endoplasms (D:1)
  2 giant cockroaches (D:1)
  A hobgoblin (D:1)
  A quokka (D:1)
  2 goblins (D:1)
  2 kobolds (D:1)
  6 rats (D:1)
21 creatures vanquished.

Notes
Turn   | Place    | Note
-------+----------+-------------------------------------------
     0 | D:1      | Leeroy the Merfolk Gladiator began the quest for the Orb.
     0 | D:1      | Reached XP level 1. HP: 16/16 MP: 1/1
   192 | D:1      | Reached XP level 2. HP: 18/22 MP: 2/2
   536 | D:1      | Found a faded altar of an unknown god.
   758 | D:2      | Noticed Sigmund
   765 | D:2      | Gained mutation: Armour fits poorly on your strangely
                  | shaped body. [potion of mutation]
   774 | D:2      | Reached XP level 3. HP: 5/27 MP: 3/3
   774 | D:2      | Slain by a hobgoblin

Illustrated notes

Levels and vault maps discovered:
D:1:      mrwooster_arrival_statue_3, layout_basic,
          hellmonk_ecumenical_altar_leap_of_faith,
          hangedman_decor_clover_reticule, minmay_large_rounded_square,
          minmay_misc_feat_rows
D:2:      layout_loops_cross, basic_altar, dk_noncrumbling_2,
          nicolae_elevator_lobby_asterisk, uniq_terence, uniq_jessica,
          uniq_sigmund

Skill      XL: |  1 |
---------------+----+-----
Long Blades    | 4 |  4.9
Fighting       | |  2.1
Throwing       | |  2.0
Dodging        | |  4.0

Action                     || total
---------------------------++-------
  Melee: Long sword        ||    53
    Use: Potion            ||     1
   Stab: Sleeping          ||     2
 Armour: Leather armour    ||    15
  Dodge: Dodged            ||    45

Table legend: (Time is in decaauts)
 A = Elapsed time spent in this place.
 B = Non-inter-level travel time spent in this place.
 C = Inter-level travel time spent in this place.
 D = Time resting spent in this place.
 E = Time spent auto-exploring this place.
 F = Levels seen in this place.
 G = Mean time per level.
                   A        B        C        D        E       F      G
               +--------+--------+--------+--------+--------+-----+--------+
         Total |    783 |    692 |     91 |      0 |    540 |   2 |  391.5 |
       Dungeon |    783 |    692 |     91 |      0 |    540 |   2 |  391.5 |
               +--------+--------+--------+--------+--------+-----+--------+

Top non-repeatable levels by time:
     D:1: 721 daAuts
     D:2: 61 daAuts
